 Dungeon Crawl Stone Soup version 0.31-a0-986-g5e6e4ef867 (webtiles) character file.

Game seed: 9216360060616269576

15309 Zonian the Jinx (level 12, -4/59 HPs)
             Began as a Deep Elf Conjurer on Nov 4, 2023.
             Was a Priest of Vehumet.
             Slain by a cane toad (17 damage)
             ... on level 1 of the Lair of Beasts.
             The game lasted 00:45:54 (15866 turns).

Zonian the Jinx (Deep Elf Conjurer)                Turns: 15866, Time: 00:45:55

Health: -4/59      AC: 10    Str:  6    XL:     12   Next: 0%
Magic:  22/36      EV: 15    Int: 31    God:    Vehumet [***...]
Gold:   152        SH:  0    Dex: 14    Spells: 2/30 levels left

rFire   x . .        t - staff of conjuration
rCold   + . .        (no shield)
rNeg    + . .        L - +1 leather armour of Fashionability {MP+9 Dex+3}
rPois   .            k - +2 helmet of the Tundras {Str+2}
rElec   .            I - +0 cloak
rCorr   .            G - +0 pair of gloves
SInv    .            q - +0 pair of boots
Will    +....        (no amulet)
Stlth   +++++        n - ring of wizardry
HPRegen 0.29/turn    K - ring "Ybyb" {Ice rN+ Int+2 Dex-2 Stlth+}
MPRegen 0.25/turn

%: wizardry (x1)
@: no status effects
A: no striking features
a: Renounce Religion


You were on level 1 of the Lair of Beasts.
You worshipped Vehumet.
Vehumet was most pleased with you.
You visited 3 branches of the dungeon, and saw 12 of its levels.

You collected 568 gold pieces.
You spent 416 gold pieces at shops.

Inventory:

Hand Weapons
 e - a +0 spectral quarterstaff
 h - a +1 dagger
 o - a +0 rapier
 r - a +3 dagger of venom
 s - a +0 short sword of speed
 y - a +1 heavy sling
 F - the +8 dagger of an ossuary {flame, rC+}
   (You found it on level 10 of the Dungeon)

   rC+:       It protects you from cold.
 S - the +9 mace "Qemmiugi" {drain, Contam rElec rN+}
   (You found it on level 10 of the Dungeon)

   rElec:     It insulates you from electricity.
   rN+:       It protects you from negative energy.
   Contam:    It causes magical contamination when unequipped.
Missiles
 d - 5 javelins
 w - 34 poisoned darts
Armour
 a - a +0 robe
 k - the +2 helmet of the Tundras (worn) {Str+2}
   (You took it off Robin on level 2 of the Dungeon)

   Str+2:     It affects your strength (+2).
 p - a +0 leather armour
 q - a +0 pair of boots (worn)
 v - a +2 leather armour of willpower
 C - the +1 robe of Perpetual Drought {Str+3 Dex+2 SInv}
   (You found it on level 8 of the Dungeon)

   Str+3:     It affects your strength (+3).
   Dex+2:     It affects your dexterity (+2).
   SInv:      It lets you see invisible.
 G - a +0 pair of gloves (worn)
 I - a +0 cloak (worn)
 L - the +1 leather armour of Fashionability (worn) {MP+9 Dex+3}
   (You found it on level 9 of the Dungeon)

   Dex+3:     It affects your dexterity (+3).
   MP+9:      It affects your magic capacity (+9).
Magical Staves
 t - a staff of conjuration (weapon)
 z - a staff of poison
Jewellery
 c - a ring of willpower
 i - a ring of resist corrosion
 n - a ring of wizardry (left hand)
 B - a ring of poison resistance
 H - a +5 ring of evasion
 K - the ring "Ybyb" (right hand) {Ice rN+ Int+2 Dex-2 Stlth+}
   (You found it on level 9 of the Dungeon)

   [ring of ice]

   Ice:       It enhances your ice magic.
   Int+2:     It affects your intelligence (+2).
   Dex-2:     It affects your dexterity (-2).
   rF-:       It makes you vulnerable to fire.
   rC+:       It protects you from cold.
   rN+:       It protects you from negative energy.
   Stlth+:    It makes you more stealthy.
 N - a ring of willpower
 P - a +6 ring of dexterity
Wands
 b - a wand of roots (15)
 u - a wand of polymorph (16)
 J - a wand of mindburst (6)
 M - a wand of flame (6)
Scrolls
 A - a scroll of immolation
 D - 2 scrolls of poison
 E - 5 scrolls of teleportation
 R - a scroll of revelation {unknown}
Potions
 f - 4 potions of heal wounds
 g - 8 potions of curing
 j - 2 potions of haste
 l - 3 potions of invisibility
 m - a potion of berserk rage
 x - 2 potions of magic
 O - a potion of mutation
 Q - a potion of enlightenment


   Skills:
 + Level 9.0 Dodging
 + Level 9.8 Stealth
 + Level 9.8 Spellcasting
 + Level 10.4 Conjurations
 - Level 10.4 Hexes
 + Level 6.0 Translocations
 + Level 6.7 Air Magic
 - Level 5.0 Earth Magic


You had 2 spell levels left.
You knew the following spells:

 Your Spells              Type           Power      Damage    Failure   Level
a - Magic Dart            Conj           100%       1d8       1%          1
b - Searing Ray           Conj           100%       2d8       1%          2
c - Dazzling Flash        Conj/Hex       100%       N/A       1%          3
d - Iskenderun's Mystic   Conj/Tloc      78%        2d16      1%          4
e - Stone Arrow           Conj/Erth      100%       3d13      1%          3
f - Ensorcelled Hibernat  Hex/Ice        100%       N/A       1%          2
g - Swiftness             Air            54%        N/A       1%          3
h - Static Discharge      Conj/Air       100%       3-8/arc   1%          2
i - Airstrike             Air            27%        2d(4-20)  1%          4
j - Brom's Barrelling Bo  Conj/Erth      76%        2d9       1%          4

Your spell library contained the following spells:

 Spells                   Type           Power      Damage    Failure   Level
 Volatile Blastmotes      Fire/Tloc      66%        2d15      1%          3
 Apportation              Tloc           100%       N/A       1%          1
 Sandblast                Erth           92%        2d19      1%          1
 Jinxbite                 Hex            100%       N/A       1%          2
 Lesser Beckoning         Tloc           100%       N/A       1%          2
 Passwall                 Tmut/Erth      25%        N/A       1%          2
 Sublimation of Blood     Necr           15%        N/A       3%          2
 Fulminant Prism          Conj/Hex       44%        3d19      1%          4
 Summon Lightning Spire   Summ/Air       36%        N/A       5%          4
 Ozocubu's Armour         Ice            22%        N/A       6%          3
 Animate Dead             Necr           15%        N/A       21%         4
 Alistair's Intoxication  Tmut/Pois      10%        N/A       47%         5
 Ozocubu's Refrigeration  Ice            11%        4d9       96%         7
 Borgnjor's Revivificati  Necr           7%         N/A       100%        8


Dungeon Overview and Level Annotations

Branches:
Dungeon (10/15)            Temple (1/1) D:4            Lair (1/5) D:10
    Orc (0/2) D:9

Altars:
Ashenzari
Cheibriados
Dithmenos
Elyvilon
Fedhas
Gozag
Hepliaklqana
Kikubaaqudgha
Makhleb
Nemelex Xobeh
Okawaru
Qazlal
Ru
Trog
Uskayaw
Vehumet
Wu Jian
Xom
Yredelemnul
Zin
The Shining One

Shops:
D:4 !   D:5 (   D:6 =   D:9 [

Portals:
Volcano: Lair:1

Annotations:
D:6 1 runed translucent door, Crazy Yiuf


Message History

You feel a surge of power!
The searing ray hits the cane toad.
The cane toad is heavily wounded. (Press . to maintain the ray.)
The cane toad barely misses you.
The searing ray hits the cane toad!
The cane toad is severely wounded.
The cane toad stings you!
The searing ray misses the cane toad.
The cane toad stings you!
You are poisoned.
The cane toad poisons you!
Unknown command.
The searing ray hits the cane toad!
The cane toad is almost dead.
You finish channelling your searing ray.
You feel very sick.
The cane toad stings you but does no damage.
Unknown command.
Casting: Searing Ray (safe; 1% risk of failure)
Confirm with . or Enter, or press ? or * to list all spells.
Aiming: Searing Ray (safe; 1% risk of failure)
Press: ? - help, Shift-Dir - straight line, f/p - cane toad
Aim: a cane toad (almost dead, 85% to hit)
You feel a surge of power!
The searing ray hits the cane toad but does no damage.
The cane toad is almost dead. (Press . to maintain the ray.)
You feel very sick.
The cane toad stings you but does no damage.
The cane toad stings you!
You are lethally poisoned!
The cane toad poisons you!
The searing ray hits the cane toad.
The cane toad is almost dead.
* * * LOW HITPOINT WARNING * * *
You feel very sick. The cane toad stings you!
* * * LOW HITPOINT WARNING * * *
Unknown command.
You feel better. The cane toad stings you!
You die...

###### #####.#####..###..
#....####....##.#.#...###.
#.................##...#..
#.........................
#....)....................
#.........................
#...........#.†...........
#........................<
#........@F...............
#.........................
#.........................
#..........##.....####....
################...##.....
#.......... #...........#
##......... ..§.......


You could see a cane toad.

Vanquished Creatures
  Nergalle (D:10)
  A harpy (shapeshifter) (D:8)
  A manticore (D:8)
  An elephant (D:10)
  Joseph (D:7)
  Psyche (D:8)
  A kobold demonologist (D:9)
  A komodo dragon (D:10)
  2 trolls (D:8)
  4 blink frogs (Lair:1)
  A shadow (D:10)
  2 wyverns
  10 yaks
  A yak (shapeshifter) (D:8)
  2 wraiths
  A steam dragon (D:9)
  Edmund (D:4)
  3 wargs (D:9)
  3 black bears
  2 ice beasts
  4 ogres
  6 centaurs
  A phantom (D:5)
  2 kobold brigands (D:9)
  6 bullfrogs
  2 scorpions
  6 wights
  9 killer bees
  2 howler monkeys
  A jelly (D:7)
  A hound (D:7)
  3 orc priests
  Ijyb (D:4)
  Natasha (thrice) (D:3)
  4 iguanas
  A sleepcap (D:6)
  9 orc wizards
  Robin (D:2)
  7 adders
  A shadow imp (D:6)
  2 white imps (D:5)
  2 ufetubi (D:5)
  A worm (D:4)
  2 dart slugs
  17 orcs
  3 endoplasms
  8 goblins
  8 hobgoblins
  3 jackals (D:2)
  4 quokkas
  6 ball pythons
  5 bats
  A frilled lizard (D:1)
  14 kobolds
  2 rats
188 creatures vanquished.

Vanquished Creatures (collateral kills)
  A worm (D:2)
  2 boulders (D:10)
3 creatures vanquished.

Vanquished Creatures (others)
  A boulder (D:10)
1 creature vanquished.

Grand Total: 192 creatures vanquished

Notes
Turn   | Place    | Note
-------+----------+-------------------------------------------
     0 | D:1      | Zonian the Deep Elf Conjurer began the quest for the Orb.
     0 | D:1      | Reached XP level 1. HP: 10/10 MP: 6/6
   361 | D:1      | Reached XP level 2. HP: 15/15 MP: 6/8
   797 | D:2      | Identified the +2 helmet of the Tundras {Str+2}
   797 | D:2      | Noticed Robin
  1300 | D:2      | Learned a level 2 spell: Searing Ray
  1306 | D:2      | Identified the +8 dagger of Eternal Harmony {drain, rC-
                  | Dex+3}
  1483 | D:2      | Reached XP level 3. HP: 19/19 MP: 3/10
  1485 | D:2      | Killed Robin
  2263 | D:2      | Found a faded altar of an unknown god.
  2596 | D:3      | Noticed Natasha
  2601 | D:3      | Killed Natasha
  2602 | D:3      | Reached skill level 5 in Conjurations
  2602 | D:3      | Reached XP level 4. HP: 24/24 MP: 6/12
  2925 | D:3      | Noticed Natasha
  2930 | D:3      | Killed Natasha
  2971 | D:3      | Noticed Natasha
  2976 | D:3      | Killed Natasha
  2977 | D:3      | Reached XP level 5. HP: 28/28 MP: 4/13
  3332 | D:4      | Noticed an ice beast
  3533 | D:4      | Learned a level 3 spell: Dazzling Flash
  3596 | D:4      | Found a staircase to the Ecumenical Temple.
  3603 | D:4      | Noticed an ogre
  3609 | D:4      | Killed an ogre
  3610 | D:4      | Reached skill level 1 in Hexes
  3610 | D:4      | Reached XP level 6. HP: 32/32 MP: 6/15
  3770 | Temple   | Entered the Ecumenical Temple
  3825 | Temple   | Became a worshipper of Vehumet
  3956 | D:4      | Reached skill level 5 in Spellcasting
  4252 | D:4      | Noticed Ijyb
  4258 | D:4      | Killed Ijyb
  4357 | D:4      | Found Qeimoeci's Distillery.
  4366 | D:4      | Killed an ice beast
  4367 | D:4      | Reached skill level 5 in Stealth
  4369 | D:4      | Bought a potion of heal wounds for 60 gold pieces
  4369 | D:4      | Bought a potion of curing for 36 gold pieces
  4369 | D:4      | Bought a potion of heal wounds for 60 gold pieces
  4686 | D:4      | Noticed Edmund
  4722 | D:4      | Killed Edmund
  4723 | D:4      | Reached XP level 7. HP: 27/36 MP: 13/17
  4958 | D:5      | Entered Level 5 of the Dungeon
  4982 | D:5      | Reached skill level 5 in Dodging
  5280 | D:5      | You fall into a shaft and drop 2 floors!
  5310 | D:7      | Found a basalt altar of Yredelemnul.
  5366 | D:5      | Found Xaeptyeh's Weapon Boutique.
  5758 | D:5      | Learned a level 4 spell: Iskenderun's Mystic Blast
  5764 | D:5      | Reached * piety under Vehumet
  5764 | D:5      | Offered knowledge of Shock by Vehumet.
  5837 | D:5      | Reached XP level 8. HP: 41/41 MP: 12/19
  5935 | D:5      | Reached skill level 1 in Translocations
  6400 | D:5      | Found a broken altar of Ashenzari.
  6404 | D:5      | Saw a vision of the Swamp and the Spider Nest.
  6404 | D:5      | Noticed an eleionoma
  6404 | D:5      | Noticed a goliath frog
  6404 | D:5      | Noticed an alligator
  6404 | D:5      | Noticed a wolf spider
  6404 | D:5      | Noticed a tarantella
  6404 | D:5      | Noticed a demonic crawler
  6404 | D:5      | Noticed a tarantella
  6404 | D:5      | Noticed a moth of wrath
  6404 | D:5      | Noticed a tarantella
  6404 | D:5      | Noticed a boulder beetle
  6405 | D:5      | Noticed a spriggan druid
  6405 | D:5      | Noticed a demonic crawler
  6405 | D:5      | Noticed an entropy weaver
  6405 | D:5      | Noticed a torpor snail
  6406 | D:5      | Noticed a torpor snail
  6412 | D:5      | Noticed a wolf spider
  6628 | D:6      | Found a bloodstained altar of Trog.
  6888 | D:6      | Learned a level 3 spell: Stone Arrow
  7094 | D:6      | Reached skill level 5 in Hexes
  7184 | D:6      | Found a runed translucent door.
  7185 | D:6      | Noticed Crazy Yiuf
  7242 | D:6      | Found Wavudi's Jewellery Shop.
  8020 | D:7      | Noticed Joseph
  8186 | D:7      | Found a white marble altar of Elyvilon.
  8202 | D:7      | Learned a level 2 spell: Ensorcelled Hibernation
  8206 | D:7      | Learned a level 3 spell: Swiftness
  8643 | D:7      | Reached XP level 9. HP: 44/45 MP: 13/22
  8653 | D:7      | Reached skill level 1 in Air Magic
  9210 | D:7      | Killed Joseph
  9598 | D:8      | Identified the of Cokliac
  9601 | D:8      | Noticed Psyche
  9607 | D:8      | Killed Psyche
  9830 | D:8      | Found an iron altar of Okawaru.
  9896 | D:8      | Found a glowing golden altar of the Shining One.
 10037 | D:6      | Bought a ring of poison resistance for 260 gold pieces
 10209 | D:8      | Identified the +1 robe of Perpetual Drought {Str+3 Dex+2
                  | SInv}
 10241 | D:8      | Noticed a troll
 10253 | D:8      | Reached ** piety under Vehumet
 10253 | D:8      | Offered knowledge of Static Discharge by Vehumet.
 10257 | D:8      | Killed a troll
 10334 | D:8      | Noticed a harpy
 10340 | D:8      | Killed a harpy
 10340 | D:8      | Noticed a cyclops
 10341 | D:8      | Reached XP level 10. HP: 31/50 MP: 17/24
 10419 | D:8      | Learned a level 2 spell: Static Discharge
 10597 | D:8      | Noticed a manticore
 10688 | D:8      | Noticed a tengu warrior
 10958 | D:9      | Identified the +1 leather armour of Fashionability {MP+9
                  | Dex+3}
 10961 | D:9      | Identified the ring "Ybyb" {Ice rN+ Int+2 Dex-2 Stlth+}
 11211 | D:9      | Found Yguch's Antique Armour Emporium.
 11658 | D:9      | Learned a level 4 spell: Airstrike
 11677 | D:9      | Found a staircase to the Orcish Mines.
 11779 | D:9      | Reached skill level 5 in Earth Magic
 11779 | D:9      | Reached XP level 11. HP: 54/54 MP: 25/25
 11822 | D:9      | Found an opulent altar of Gozag.
 11822 | D:9      | Found a blossoming altar of Fedhas.
 11859 | D:9      | Reached skill level 5 in Translocations
 13060 | D:10     | Entered Level 10 of the Dungeon
 13074 | D:9      | Reached skill level 10 in Conjurations
 13399 | D:9      | Learned a level 4 spell: Brom's Barrelling Boulder
 13492 | D:10     | Noticed Nergalle
 13628 | D:9      | Reached skill level 10 in Hexes
 13692 | D:10     | Offered knowledge of Volatile Blastmotes by Vehumet.
 15036 | D:10     | Killed Nergalle
 15036 | D:10     | Reached *** piety under Vehumet
 15232 | D:10     | Identified the +8 dagger of an ossuary {flame, rC+}
 15241 | D:10     | Identified the +9 mace "Qemmiugi" {drain, Contam rElec rN+}
 15398 | D:10     | Found a staircase to the Lair.
 15676 | Lair:1   | Entered Level 1 of the Lair of Beasts
 15686 | Lair:1   | Found a dark tunnel.
 15827 | Lair:1   | Reached XP level 12. HP: 51/59 MP: 25/27
 15866 | Lair:1   | Slain by a cane toad

Illustrated notes

Levels and vault maps discovered:
D:1:      saegor_arrival_simple_e, layout_loops_ring
D:2:      layout_basic, dreamdust_ecumenical_altar_angels_and_demons,
          minmay_liquid_box, chequers_garden, chequers_mini_garden,
          hangedman_decor_riveting, minmay_strange_pillars, uniq_robin
D:3:      layout_basic, uniq_natasha
D:4:      layout_loops_cross, minmay_temple_entry_sparse_star, serial_shops,
          shop, uniq_edmund, uniq_ijyb
D:5:      layout_gridville, grunt_ashenzari_visionary
          [grunt_ashenzari_visionary_swamp, grunt_ashenzari_visionary_spider],
          serial_shops, shop
D:6:      layout_loops_cross, trog_three_pillars_becter, portal_sewer_entry_d,
          serial_shops, shop, uniq_crazy_yiuf_cottage
D:7:      layout_basic, kennysheep_ying_yang, solitary_fountain, st_stairs_13,
          uniq_joseph
D:8:      minmay_tri_box, layout_basic,
          chequers_temple_overflow_statue_of_worship, kennysheep_orc_sif_temple,
          uniq_psyche
D:9:      layout_roguey, nicolae_overflow_two_pavilions,
          minmay_orc_entry_guard_dogs, nicolae_take_the_stairs
D:10:     layout_gridville, grunt_lair_entry_orc_guard_hut, uniq_nergalle
Temple:   nicolae_temple_figure_eight
Lair:1:   layout_hall_layers, enter_volcano_2, nicolae_lair_grazing_beasts
          [nicolae_sub_lair_graze_edge, nicolae_sub_lair_graze_edge,
          nicolae_sub_lair_graze_edge, nicolae_sub_lair_graze_edge], uniq_erica

Skill      XL: |  1  2  3  4  5  6  7  8  9 10 11 |
---------------+----------------------------------+-----
Stealth        | 3 4 5 6 7 8 9 |  9.8
Dodging        | 3 4 5 6 7 8 9 |  9.0
Spellcasting   | 4 5 6 7 8 9 |  9.8
Conjurations   | 5 6 7 8 9 10 | 10.4
Hexes          | 1 3 4 5 6 9 10 | 10.4
Translocations | 2 4 6 |  6.0
Air Magic      | 3 6 |  6.7
Earth Magic    | 5 |  5.0

Action                     |  1- 3 |  4- 6 |  7- 9 | 10-12 || total
---------------------------+-------+-------+-------+-------++-------
  Melee: Dagger            |     4 |    11 |       |     3 ||    18
         Staff             |       |       |     8 |     2 ||    10
   Cast: Magic Dart        |    68 |    61 |   121 |    92 ||   342
         Searing Ray       |       |     9 |    45 |    35 ||    89
         Dazzling Flash    |       |     3 |     3 |     4 ||    10
         Stone Arrow       |       |       |     1 |    16 ||    17
         Iskenderun's Myst |       |       |     3 |    11 ||    14
         Swiftness         |       |       |     1 |     5 ||     6
         Ensorcelled Hiber |       |       |     1 |     4 ||     5
         Airstrike         |       |       |       |     6 ||     6
         Brom's Barrelling |       |       |       |     3 ||     3
         Static Discharge  |       |       |       |     2 ||     2
  Evoke: Wand              |       |       |     1 |       ||     1
    Use: Scroll            |     5 |     6 |     8 |     4 ||    23
         Potion            |       |     1 |     1 |     3 ||     5
   Stab: Sleeping          |       |       |       |     1 ||     1
 Armour: Robe              |     4 |     7 |    10 |       ||    21
         Leather armour    |       |     6 |    67 |    71 ||   144
  Dodge: Dodged            |     3 |    11 |    86 |    87 ||   187

Table legend: (Time is in decaauts)
 A = Elapsed time spent in this place.
 B = Non-inter-level travel time spent in this place.
 C = Inter-level travel time spent in this place.
 D = Time resting spent in this place.
 E = Time spent auto-exploring this place.
 F = Levels seen in this place.
 G = Mean time per level.
                   A        B        C        D        E       F      G
               +--------+--------+--------+--------+--------+-----+--------+
         Total |  15870 |  15345 |    525 |   7086 |   5562 |  12 | 1322.5 |
       Dungeon |  15606 |  15099 |    507 |   7011 |   5536 |  10 | 1560.6 |
        Temple |     73 |     55 |     18 |      0 |      0 |   1 |   73.0 |
          Lair |    189 |    189 |      0 |     75 |     26 |   1 |  189.0 |
               +--------+--------+--------+--------+--------+-----+--------+

Top non-repeatable levels by time:
     D:9: 2835 daAuts
     D:7: 1961 daAuts
     D:4: 1635 daAuts
    D:10: 1584 daAuts
     D:5: 1583 daAuts
     D:8: 1506 daAuts
     D:2: 1307 daAuts
     D:6: 1254 daAuts
     D:1: 1086 daAuts
     D:3: 852 daAuts
  Lair:1: 189 daAuts
  Temple: 73 daAuts
